 Dungeon Crawl Stone Soup version 0.22-a0-162-g33bf127 (webtiles) character file.

767 mhoghedin the Stinger (level 7, -4/50 HPs)
             Began as a White Draconian Venom Mage on Feb 12, 2018.
             Splashed by a jelly's acid (10 damage)
             ... on level 5 of the Dungeon.
             The game lasted 00:11:04 (6524 turns).

mhoghedin the Stinger (White Draconian Venom Mage)  Turns: 6524, Time: 00:11:04

Health: -4/50      AC: -6    Str: 10    XL:     7   Next: 52%
Magic:  12/12      EV: 12    Int: 18    God:
Gold:   366        SH:  0    Dex: 11    Spells: 3/13 levels left

rFire    + . .     SeeInvis .   j - +0 trident
rCold    + . .     Gourm    .   (no shield)
rNeg     . . .     Faith    .   (armour unavailable)
rPois    .         Spirit   .   (helmet restricted)
rElec    .         Reflect  .   (no cloak)
rCorr    .         Harm     .   (no gloves)
MR       .....                  (no boots)
Stlth    ++........             (no amulet)
HPRegen  0.16/turn              l - ring of protection from fire {rF+, !d}
MPRegen  0.13/turn              i - ring of wizardry {Wiz+, !d}

@: about to teleport, corroded
A: breathe frost, unfitting armour, cold resistance 1, cold-blooded, AC +6
a: Breathe Frost


You were on level 5 of the Dungeon.
You were not hungry.

You visited 1 branch of the dungeon, and saw 5 of its levels.

You collected 366 gold pieces.

Inventory:

Hand Weapons
 j - a +0 trident (weapon)
   (You took it off an orc on level 3 of the Dungeon)
Armour
 p - a cursed +0 pair of gloves
   (You found it on level 3 of the Dungeon)
Jewellery
 i - a ring of wizardry (right hand) {Wiz+, !d}
   (You found it on level 4 of the Dungeon)
 l - a ring of protection from fire (left hand) {rF+, !d}
   (You took it off a kobold on level 2 of the Dungeon)
Scrolls
 e - a scroll of amnesia {unknown}
 f - 3 scrolls of random uselessness
 m - 3 scrolls of remove curse {unknown}
 n - 2 scrolls of teleportation
 r - a scroll of fog {unknown}
Potions
 c - a potion of ambrosia {unknown}
 d - a potion of curing {unknown}
 g - 2 potions of heal wounds
 h - a potion of brilliance {unknown}
 k - a potion of invisibility {unknown}
 o - 2 potions of flight {unknown}
 q - a potion of berserk rage {!q}
Books
 a - a Young Poisoner's Handbook
Comestibles
 b - 6 rations


   Skills:
 + Level 3.9 Polearms
 - Level 1.7 Dodging
 - Level 1.7 Stealth
 + Level 3.8 Spellcasting
 + Level 2.6 Conjurations
 - Level 1.7 Air Magic
 + Level 6.0 Poison Magic


You had 3 spell levels left.
You knew the following spells:

 Your Spells              Type           Power        Failure   Level  Hunger
a - Sting                 Conj/Pois      ###.         1%          1    None
b - Poisonous Vapours     Pois/Air       ###...       1%          2    ##.....
c - Olgreb's Toxic Radia  Pois           ####....     4%          4    ####...
x - Mephitic Cloud        Conj/Pois/Air  ###.....     4%          3    ###....


Dungeon Overview and Level Annotations

Branches:
Dungeon (5/15)
 Temple: D:4-7

Altars:
Cheibriados
Dithmenos
Elyvilon
Fedhas
Hepliaklqana
Makhleb
Nemelex Xobeh
Qazlal
Ru
Trog
Wu Jian
Yredelemnul
The Shining One

Annotations:
D:5 exclusion: 2 jellies


Innate Abilities, Weirdness & Mutations

You can breathe waves of freezing cold.
You can buffet flying creatures when you breathe cold.
Your icy white scales are hard. (AC +6)
You cannot fit into any form of body armour.
Your flesh is cold resistant. (rC+)
You are cold-blooded and may be slowed by cold attacks.


Message History

You open the door.
There is an open door here.
You open the door.
There is an open door here.
There is an open door here.
You are feeling hungry.
You regained 6 hp, and now have 43/50 hp.
You eat one of the 7 rations.
That ration really hit the spot!
Okay, then.
Unknown command.
Okay, then.
Unknown command.
There is an open door here.
Found a stone staircase leading down.
You regained 4 hp, and now have 47/50 hp.
A centaur comes into view.
The ball explodes into a vile cloud!
The stinking cloud engulfs the centaur.
The centaur shouts!
The centaur is engulfed in noxious fumes.
The centaur appears confused.
You now have 9/12 mp.
The centaur is engulfed in noxious fumes.
The centaur appears confused.
The centaur is engulfed in noxious fumes.
The centaur appears confused.
Attack whom?
Aim: a centaur (noxious fumes, lightly wounded, confused)
You reach to attack!
You hit the centaur.
The centaur is engulfed in noxious fumes.
The centaur appears confused.
The centaur ponders the situation.
The centaur is engulfed in noxious fumes.
The centaur appears confused.
The centaur is engulfed in noxious fumes.
The centaur appears confused.
You catch the helpless centaur completely off-guard!
You hit the centaur. You hit the centaur. You tail-slap the centaur.
The centaur grins madly.
You hit the centaur. You hit the centaur. You tail-slap the centaur.
The centaur misses you.
You hit the centaur but do no damage. You barely miss the centaur.
The centaur hits you but does no damage.
You hit the centaur.
You kill the centaur!
You feel your intelligence returning.
Your Poison Magic skill increases to level 6!
Health restored: 50 No target in view!
No target in view!
No target in view!
No target in view!
No target in view!
No target in view!
No target in view!
No target in view!
Things that are here:
a shortbow; 16 arrows There isn't anything to butcher here.
You open the door.
There is an open door here.
There is a stone staircase leading down here.
You hear a distant slurping noise.
There is an open door here.
There is an open door here.
You hear a distant slurping noise.
There is an open door here.
You hear a distant slurping noise.
The jelly is too close now for your liking.
A jelly is nearby!
MP restored: 12 You catch the helpless jelly completely off-guard!
You hit the jelly.
Your hands burn!
The jelly completely misses you.
You take 2 damage, and have 48/50 hp.
You puncture the jelly! The acid corrodes you!
Your hands burn!
The jelly hits you.
You are splashed with acid!
The acid burns!
You take 9 damage, and have 39/50 hp.
You puncture the jelly!
Your hands burn!
The jelly hits you.
You are splashed with acid!
The acid burns!
You take 11 damage, and have 28/50 hp.
MASSIVE DAMAGE!!
Attack whom?
Aim: a jelly (severely wounded)
You barely miss the jelly. The jelly hits you. The acid corrodes you!
You are splashed with acid!
The acid burns!
You take 7 damage, and have 21/50 hp.
Attack whom?
Aim: a jelly (severely wounded)
You hit the jelly.
Your hands burn!
The jelly hits you.
You are splashed with acid!
The acid burns!
* * * LOW HITPOINT WARNING * * *
You take 14 damage, and have 7/50 hp.
MASSIVE DAMAGE!!
As you read the scroll of teleportation, it crumbles to dust.
You feel strangely unstable. The jelly hits you.
* * * LOW HITPOINT WARNING * * *
The acid corrodes you!
You are splashed with acid!
The acid burns!
You die...

.....#..#....#...#...^.....^.....
.....#############...............
'##........###.#####.............
..#........+.......#.............
..#........#.......#......^......
###........#'#######....#...##...
########'#..............#+####.#.
.#...#...#..............#...##...
.#...#...#......@J...............
.'...'...#..............#........
##########..............#########
########.##....####+#####
..+.......#....#........##$.÷J..#
.)#.......'....#........##P.PP..#
..#.......#....#........##.JJ..÷#
..#.......#....#........##..P...#
.###..#####...)##....#####.÷.J.J#


You could see a jelly.

Vanquished Creatures
  An ogre (D:4)
  A centaur (D:5)
  A wyvern zombie (D:3)
  A crimson imp (D:5)
  2 orc priests (D:4)
  6 orc wizards
  2 worker ants (D:4)
  A howler monkey skeleton (D:4)
  8 adders
  A gnoll (D:1)
  7 oozes
  A worm (D:3)
  4 dart slugs
  11 orcs
  5 giant cockroaches
  6 goblins
  8 hobgoblins
  12 jackals
  13 kobolds
  4 quokkas
  2 ball pythons
  8 bats
  4 frilled lizards
  A giant cockroach zombie (D:5)
  A quokka skeleton (D:4)
  9 rats
  A spectral orc (D:4)
  A fungus (D:3)
122 creatures vanquished.

Vanquished Creatures (others)
  A quokka (D:3)
  5 fungi (D:5)
  6 toadstools (D:5)
12 creatures vanquished.

Grand Total: 134 creatures vanquished

Notes
Turn   | Place    | Note
-------+----------+-------------------------------------------
     0 | D:1      | mhoghedin the Draconian Venom Mage began the quest for the Orb.
     0 | D:1      | Reached XP level 1. HP: 14/14 MP: 3/3
   169 | D:1      | Reached XP level 2. HP: 20/20 MP: 5/5
  1116 | D:1      | Reached XP level 3. HP: 26/26 MP: 6/6
  1164 | D:1      | Learned a level 2 spell: Poisonous Vapours
  1168 | D:1      | Learned a level 3 spell: Mephitic Cloud
  1334 | D:2      | Reached skill level 1 in Air Magic
  1334 | D:2      | Reached XP level 4. HP: 24/33 MP: 1/8
  1685 | D:2      | Reached skill level 3 in Spellcasting
  2063 | D:3      | Reached skill level 4 in Poison Magic
  2127 | D:3      | Found a white marble altar of Elyvilon.
  2248 | D:3      | Reached XP level 5. HP: 32/38 MP: 4/9
  2361 | D:3      | Found a hazy altar of Hepliaklqana.
  2790 | D:3      | Learned a level 4 spell: Olgreb's Toxic Radiance
  2861 | D:3      | Found a bloodstained altar of Trog.
  3060 | D:3      | Reached skill level 1 in Polearms
  3244 | D:3      | Found a stormy altar of Qazlal.
  3500 | D:4      | Reached XP level 6. HP: 29/45 MP: 6/11
  3537 | D:3      | Reached skill level 2 in Polearms
  3727 | D:3      | Reached skill level 5 in Poison Magic
  4529 | D:4      | Reached skill level 3 in Polearms
  4659 | D:4      | Your scales start taking on an icy white colour.
  4659 | D:4      | Reached XP level 7. HP: 45/50 MP: 7/12
  4659 | D:4      | Gained mutation: Your flesh is cold resistant. (rC+) [White Draconian growth]
  4971 | D:4      | Found a shadowy altar of Dithmenos.
  4972 | D:4      | Found an ornate altar of the Wu Jian Council.
  5010 | D:4      | Found a sparkling altar of Nemelex Xobeh.
  5011 | D:4      | Found a snail-covered altar of Cheibriados.
  5011 | D:4      | Found a blossoming altar of Fedhas.
  5012 | D:4      | Found a sacrificial altar of Ru.
  5013 | D:4      | Found a glowing golden altar of the Shining One.
  5014 | D:4      | Found a burning altar of Makhleb.
  5485 | D:4      | Found a basalt altar of Yredelemnul.
  5522 | D:5      | Entered Level 5 of the Dungeon
  5577 | D:5      | Reached skill level 2 in Conjurations
  5962 | D:5      | Noticed a slime creature
  6390 | D:5      | Reached skill level 6 in Poison Magic
  6515 | D:5      | HP: 7/50 [acid (9)]
  6524 | D:5      | HP: 6/50 [jelly (2)]
  6524 | D:5      | Splashed by a jelly's acid

Vault maps used:
D:1:      dpeg_arrival_ratfight
D:2:      first_ration
D:3:      lemuel_coloured_pillars_altar, lemuel_crystal_altar,
          nicolae_overflow_hidden_temple, serial_bayou_lagoon_a,
          minmay_gold_behind_fungi, elyvilon_altar_4
D:4:      yredelemnul_forgotten_temple_becter, minitemple
D:5:      cheibrodos_fertilizer, minmay_holes

Skill      XL: |  1  2  3  4  5  6  7 |
---------------+----------------------+-----
Air Magic      | 1 |  1.7
Spellcasting   | 3 |  3.8
Poison Magic   | 4 5 6 |  6.0
Polearms       | 1 3 |  3.9
Conjurations   | 2 |  2.6
Dodging        | |  1.7
Stealth        | |  1.7

Action                   |  1- 3 |  4- 6 |  7- 9 || total
-------------------------+-------+-------+-------++-------
Melee: Spear             |    86 |   233 |       ||   319
       Club              |     4 |       |       ||     4
       Tailslap          |     5 |    28 |     5 ||    38
       Unarmed           |     1 |       |       ||     1
       Trident           |       |    65 |   104 ||   169
 Cast: Sting             |     5 |     1 |       ||     6
       Poisonous Vapours |     4 |    23 |     5 ||    32
       Olgreb's Toxic Ra |       |     2 |     4 ||     6
       Mephitic Cloud    |       |     2 |     1 ||     3
  Use: Potion            |       |     2 |       ||     2
       Scroll            |       |       |     6 ||     6
 Stab: Sleeping          |     8 |     4 |     1 ||    13
       Distracted        |       |       |     1 ||     1
       Confused          |       |       |     1 ||     1
  Eat: Chunk             |     1 |    13 |     3 ||    17
       Ration            |       |       |     2 ||     2
Armor: Skin              |    15 |    96 |    22 ||   133
Dodge: Dodged            |    58 |   182 |    47 ||   287

Table legend:
 A = Spawn XP
 B = Non-spawn XP
 C = Spawn XP percentage of total XP
 D = Spawn monster count
 E = Non-spawn monster count
 F = Spawn count percentage of total count
 G = Total turns spent on level
                    A         B        C        D         E        F      G
               +---------+---------+-------+---------+---------+-------+---------
         Total |       0 |    1097 |   0.0 |       0 |     121 |   0.0 |  6524
               +---------+---------+-------+---------+---------+-------+---------
           D:1 |       0 |      51 |   0.0 |       0 |      23 |   0.0 |  1414
           D:2 |       0 |      91 |   0.0 |       0 |      22 |   0.0 |   581
           D:3 |       0 |     258 |   0.0 |       0 |      37 |   0.0 |  1842
           D:4 |       0 |     376 |   0.0 |       0 |      18 |   0.0 |  1685
           D:5 |       0 |     321 |   0.0 |       0 |      21 |   0.0 |  1002
               +---------+---------+-------+---------+---------+-------+---------

Vault maps used:
D:1:      dpeg_arrival_ratfight
D:2:      first_ration
D:3:      lemuel_coloured_pillars_altar, lemuel_crystal_altar,
          nicolae_overflow_hidden_temple, serial_bayou_lagoon_a,
          minmay_gold_behind_fungi, elyvilon_altar_4
D:4:      yredelemnul_forgotten_temple_becter, minitemple
D:5:      cheibrodos_fertilizer, minmay_holes

Table legend:
 A = Turns spent in this place as a percentage of turns spent in the entire game.
 B = Non-inter-level travel turns spent in this place as a percentage of non-inter-level travel turns spent in the entire game.
 C = Inter-level travel turns spent in this place as a percentage of turns spent in this place.
 D = Turns resting spent in this place as a percentage of non-inter-level travel turns spent in this place.
 E = Turns spent auto-exploring this place as a percentage of non-inter-level travel turns spent in this place.
 F = Non-inter-level travel turns spent in this place divided by the number of levels of this place that you've seen.
                   A       B       C       D       E      F
               +-------+-------+-------+-------+-------+----------------------
         Total | 100.0 | 100.0 |   3.7 |  27.1 |  55.4 | 1256.6
       Dungeon | 100.0 | 100.0 |   3.7 |  27.1 |  55.4 | 1256.6
               +-------+-------+-------+-------+-------+----------------------

Table legend:
 A = Kills in this place as a percentage of kills in entire the game.
 B = Kills by you in this place as a percentage of kills by you in the entire game.
 C = Kills by friends in this place as a percentage of kills by friends in the entire game.
 D = Other kills in this place as a percentage of other kills in the entire game.
 E = Experience gained in this place as a percentage of experience gained in the entire game.
 F = Experience gained in this place divided by the number of levels of this place that you have seen.
                   A       B       C       D       E      F
               +-------+-------+-------+-------+-------+----------------------
         Total | 100.0 | 100.0 |   N/A |   N/A | 100.0 | 219.4
       Dungeon | 100.0 | 100.0 |   N/A |   N/A | 100.0 | 219.4
               +-------+-------+-------+-------+-------+----------------------
